 Dungeon Crawl Stone Soup version 0.26-a0-800-g517d6fe721 (webtiles) character file.

Game seed: 13922377518354277076

36023 robertstho the Severer (level 13, -4/178 HPs)
             Began as a Minotaur Berserker on Nov 11, 2020.
             Was the Champion of Trog.
             Slain by Rupert
             ... wielding a +4 vorpal battleaxe
              (19 damage)
             ... on level 5 of the Lair of Beasts.
             The game lasted 00:20:34 (17952 turns).

robertstho the Severer (Minotaur Berserker)        Turns: 17952, Time: 00:20:35

Health: -4/178     AC: 12    Str: 24    XL:     13   Next: 50%
Magic:  12/12      EV: 16    Int:  5    God:    Trog [******]
Gold:   988        SH:  0    Dex: 12    Spells: 12/12 levels left

rFire    + . .     SeeInvis +   K - +11 war axe "Hiddeon" {flame, rElec rC- SInv Stlth+}
rCold    . . .     Faith    .   (no shield)
rNeg     . . .     Spirit   .   C - +1 swamp dragon scales
rPois    +         Reflect  .   (helmet restricted)
rElec    +         Harm     .   (no cloak)
rCorr    .         Rampage  .   (no gloves)
MR       .....                  (no boots)
Stlth    ..........             (no amulet)
HPRegen  0.39/turn              J - ring of protection from fire
MPRegen  0.13/turn              q - ring of protection from cold

@: berserking, very quick
A: retaliatory headbutt, horns 2
a: Berserk, Trog's Hand, Brothers in Arms, Renounce Religion


You were on level 5 of the Lair of Beasts.
You worshipped Trog.
Trog was exalted by your worship.
You visited 2 branches of the dungeon, and saw 17 of its levels.
You also visited: Sewer.

You collected 988 gold pieces.

Inventory:

Hand Weapons
 r - the +2 hand axe "Cyitiyva" {freeze, rF+ rN++ Str+2 Dex-2}
   (You found it on level 5 of the Dungeon)

   It has been specially enchanted to freeze those struck by it, causing extra
   injury to most foes and up to half again as much damage against particularly
   susceptible opponents.
   It can also slow down cold-blooded creatures.
   It affects your strength (+2).
   It affects your dexterity (-2).
   It protects you from fire.
   It greatly protects you from negative energy.
 F - a +3 vorpal executioner's axe
 K - the +11 war axe "Hiddeon" (weapon) {flame, rElec rC- SInv Stlth+}
   (You found it on level 10 of the Dungeon)

   It has been specially enchanted to burn those struck by it, causing extra
   injury to most foes and up to half again as much damage against particularly
   susceptible opponents.
   Big, fiery blades are also staple armaments of hydra-hunters.
   It makes you vulnerable to cold.
   It insulates you from electricity.
   It lets you see invisible.
   It makes you more stealthy.
 R - a +4 antimagic executioner's axe
Missiles
 e - 10 curare-tipped darts (quivered)
Armour
 C - +1 swamp dragon scales (worn)
 D - a +0 plate armour
Jewellery
 q - a ring of protection from cold (right hand)
 z - an uncursed ring of flight
 J - a ring of protection from fire (left hand)
 O - an uncursed amulet of regeneration {unknown}
 P - a +4 ring of evasion {unknown}
Wands
 f - a wand of iceblast (28)
 i - a wand of paralysis (7)
 A - a wand of acid (11)
 I - a wand of disintegration (26)
Scrolls
 a - 2 scrolls of random uselessness {unknown}
 c - 5 scrolls of enchant armour
 d - a scroll of acquirement {unknown}
 g - 3 scrolls of immolation
 j - a scroll of blinking
 k - 2 scrolls of noise {unknown}
 m - a scroll of vulnerability {unknown}
 p - 2 scrolls of magic mapping
 s - 5 scrolls of fog
 v - 3 scrolls of remove curse
 y - 7 scrolls of teleportation
 G - a scroll of holy word
 H - a scroll of fear
 L - a scroll of summoning {unknown}
 M - a scroll of torment {unknown}
 Q - a scroll of enchant weapon {unknown}
 S - a scroll of identify
Potions
 b - a potion of haste
 h - 2 potions of attraction {unknown}
 l - 3 potions of degeneration {unknown}
 n - a potion of heal wounds {unknown}
 o - 8 potions of curing {unknown}
 t - 5 potions of flight
 u - 2 potions of cancellation
 w - a potion of mutation
 x - a potion of resistance
 B - 5 potions of lignification
 E - a potion of ambrosia
 N - 4 potions of berserk rage


   Skills:
 * Level 12.5 Fighting
 * Level 16.9 Axes
 * Level 14.8 Armour
 * Level 9.0 Dodging
 + Level 1.1 Stealth


You had 12 spell levels left.
You didn't know any spells.
Your spell library was empty.

Dungeon Overview and Level Annotations

Branches:
Dungeon (12/15)            Temple (0/1) D:4            Lair (5/6) D:9
  Swamp (0/4) Lair:2        Snake (0/4) Lair:4        Slime (0/5) Lair:5
    Orc (0/2) D:10          Sewer (visited)

Altars:
Ashenzari
Hepliaklqana
Qazlal
Sif Muna
Trog
Yredelemnul
The Shining One
Jiyva

Annotations:
D:5 2 runed translucent doors
Lair:5 Rupert


Innate Abilities, Weirdness & Mutations

You reflexively headbutt those who attack you in melee.
You have a pair of horns on your head.


Message History

You are too injured to fight recklessly!
A red film seems to cover your vision as you go berserk!
You feel yourself moving faster!
You feel mighty!
Rupert hits you with a +4 vorpal battleaxe!
You hit Rupert. You burn Rupert.
Rupert is heavily wounded.
Rupert hits you with a +4 vorpal battleaxe!!
* * * LOW HITPOINT WARNING * * *
You barely miss Rupert.
Rupert is heavily wounded.
You slash Rupert! You burn Rupert. Your headbutt misses Rupert.
Rupert is heavily wounded.
Rupert hits you with a +4 vorpal battleaxe!!
* * * LOW HITPOINT WARNING * * *
x2 You barely miss Rupert.
Rupert is heavily wounded.
You slash Rupert! You burn Rupert. Your headbutt misses Rupert.
Rupert is severely wounded.
Rupert hits you with a +4 vorpal battleaxe!!
You die...

##P..## ## ##..####..##
# .. ###..#.....# #... #
#...#..#.##### #.#.
###.### ........ ..$
P#P.## #..... ..
.P..#..###...P. .#
........#.....###@##..#
#...............@..P.#
................#†....#
.......#P.#)..#P##..>..#
......P##....#### ......
##..####......### ..##.
####............#.##.# #
#.....#...........# #
#........#P...#.#. #
##......#######


You could see Rupert (berserk).

Vanquished Creatures
  Snorg (D:11)
  A fire dragon (D:12)
  A boulder beetle (D:12)
  3 hydras
  A death yak (Lair:5)
  5 two-headed ogres (D:9)
  Urug (Lair:5)
  Nergalle (Lair:4)
  An unseen horror (D:11)
  Pikel (D:7)
  An ugly thing (D:11)
  A cyclops (D:11)
  A gargoyle (D:12)
  3 black mambas
  8 cane toads
  2 torpor snails
  A centaur skeleton (D:10)
  2 rime drakes (Lair:4)
  Maggie (D:10)
  A kobold demonologist (D:10)
  5 komodo dragons
  A troll (D:10)
  2 polar bears
  18 blink frogs
  A wraith (D:12)
  25 yaks
  3 wyverns
  8 basilisks
  A naga (Lair:4)
  2 acid dragons (D:12)
  9 water moccasins
  5 orc warriors
  3 ice beasts
  5 sky beasts
  An eye of draining (D:9)
  2 phantoms (D:5)
  A black bear (D:7)
  3 centaurs
  7 wolves (Lair:2)
  7 ogres
  3 lemures (D:7)
  5 big kobolds
  21 bullfrogs
  3 scorpions
  13 killer bees
  14 wights
  6 howler monkeys
  2 electric eels (Lair:2)
  2 centaur zombies
  5 jellies
  4 hounds
  13 orc priests
  3 bullfrog skeletons
  11 orc wizards
  8 worker ants
  2 hell rats (Lair:2)
  A hound skeleton (D:8)
  5 gnolls
  A howler monkey zombie (D:10)
  2 howler monkey skeletons (D:8)
  5 river rats (Lair:2)
  14 adders
  3 shadow imps (D:6)
  A white imp (D:7)
  2 ufetubi (D:10)
  An ooze (D:4)
  An adder skeleton (D:8)
  5 worms
  6 dart slugs
  5 leopard geckos
  34 orcs
  7 ball pythons
  6 bats
  11 giant cockroaches
  11 goblins
  9 hobgoblins
  10 jackals
  3 quokkas
  7 frilled lizards
  24 kobolds
  A leopard gecko zombie (D:5)
  9 rats
445 creatures vanquished.

Vanquished Creatures (others)
  10 fungi
  11 plants
21 creatures vanquished.

Grand Total: 466 creatures vanquished

Notes
Turn   | Place    | Note
-------+----------+-------------------------------------------
     0 | D:1      | robertstho the Minotaur Berserker began the quest for the
                  | Orb.
     0 | D:1      | Reached XP level 1. HP: 19/19 MP: 0/0
   321 | D:1      | Reached XP level 2. HP: 26/27 MP: 1/1
   401 | D:1      | Reached skill level 4 in Axes
  1116 | D:2      | Reached XP level 3. HP: 32/33 MP: 2/2
  1433 | D:2      | Reached ** piety under Trog
  1433 | D:2      | Reached XP level 4. HP: 40/41 MP: 3/3
  1777 | D:3      | Reached skill level 5 in Axes
  1785 | D:3      | Reached XP level 5. HP: 31/47 MP: 4/4
  2086 | D:3      | Found a glowing drain.
  2096 | Sewer    | Entered a sewer
  2229 | Sewer    | Reached *** piety under Trog
  2369 | Sewer    | Reached skill level 6 in Axes
  2735 | D:3      | Reached skill level 5 in Fighting
  2760 | D:3      | Noticed an ogre
  2766 | D:3      | Killed an ogre
  2766 | D:3      | Reached XP level 6. HP: 56/56 MP: 5/5
  2936 | D:3      | Found a hazy altar of Hepliaklqana.
  3386 | D:4      | Found a glowing golden altar of the Shining One.
  3386 | D:4      | Found a shimmering blue altar of Sif Muna.
  3521 | D:4      | Found a staircase to the Ecumenical Temple.
  3620 | D:4      | Reached skill level 5 in Armour
  3636 | D:4      | Reached XP level 7. HP: 27/61 MP: 6/6
  4044 | D:4      | Reached skill level 7 in Axes
  4441 | D:5      | Entered Level 5 of the Dungeon
  4737 | D:5      | Reached XP level 8. HP: 39/70 MP: 7/7
  4933 | D:5      | Reached skill level 8 in Axes
  5124 | D:5      | Found a large runed translucent door.
  5124 | D:5      | Found a large runed translucent door.
  5296 | D:5      | Found a large runed translucent door.
  5296 | D:5      | Found a large runed translucent door.
  5565 | D:5      | Reached **** piety under Trog
  5692 | D:5      | Got a crude hand axe
  5692 | D:5      | Identified the cursed +2 hand axe "Cyitiyva" {freeze, rF+
                  | rN++ Str+2 Dex-2} (You found it on level 5 of the Dungeon)
  5753 | D:6      | Reached skill level 9 in Axes
  6073 | D:6      | Reached XP level 9. HP: 65/79 MP: 8/8
  6176 | D:6      | Reached skill level 10 in Axes
  6480 | D:7      | Found a broken altar of Ashenzari.
  6495 | D:7      | Reached skill level 5 in Dodging
  6720 | D:7      | Found a stormy altar of Qazlal.
  6736 | D:7      | Found a basalt altar of Yredelemnul.
  6833 | D:7      | Noticed Pikel
  6852 | D:7      | Killed Pikel
  6852 | D:7      | Reached skill level 11 in Axes
  7347 | D:7      | Found a bloodstained altar of Trog.
  7722 | D:8      | Reached XP level 10. HP: 88/88 MP: 9/9
  7729 | D:8      | Reached ***** piety under Trog
  8258 | D:9      | Noticed a two-headed ogre
  8269 | D:9      | Killed a two-headed ogre
  8269 | D:9      | Reached skill level 12 in Axes
  8269 | D:9      | Reached skill level 10 in Armour
  8433 | D:9      | Noticed a two-headed ogre
  8440 | D:9      | Killed a two-headed ogre
  8531 | D:9      | Noticed a two-headed ogre
  8544 | D:9      | Killed a two-headed ogre
  8584 | D:9      | Reached skill level 13 in Axes
  8835 | D:9      | Noticed a two-headed ogre
  8844 | D:9      | Killed a two-headed ogre
  9162 | D:9      | Found a staircase to the Lair.
  9288 | D:9      | Noticed a two-headed ogre
  9298 | D:9      | Killed a two-headed ogre
  9298 | D:9      | Reached XP level 11. HP: 68/97 MP: 10/10
  9546 | D:9      | Reached skill level 1 in Stealth
  9616 | D:10     | Entered Level 10 of the Dungeon
  9723 | D:10     | Got a fading war axe
  9836 | D:10     | Found a staircase to the Orcish Mines.
  9922 | D:10     | Noticed Maggie
  9939 | D:10     | Killed Maggie
 10448 | D:10     | Received a gift from Trog
 10466 | D:10     | Reached skill level 14 in Axes
 11352 | D:11     | Identified the +11 war axe "Hiddeon" {flame, rElec rC- SInv
                  | Stlth+} (You found it on level 10 of the Dungeon)
 11420 | D:11     | Noticed Snorg
 11429 | D:11     | Killed Snorg
 11429 | D:11     | Reached skill level 10 in Fighting
 11547 | D:11     | Noticed an unseen horror
 11553 | D:11     | Killed an unseen horror
 11803 | D:11     | Noticed a purple ugly thing
 11811 | D:11     | Killed a purple ugly thing
 12119 | D:12     | Noticed a boulder beetle
 12122 | D:12     | Noticed a six-headed hydra
 12125 | D:12     | Noticed a fire dragon
 12129 | D:12     | Killed a boulder beetle
 12129 | D:12     | Reached skill level 15 in Axes
 12130 | D:12     | Reached ****** piety under Trog
 12130 | D:12     | Reached XP level 12. HP: 107/107 MP: 11/11
 12133 | D:12     | Noticed an ettin
 12138 | D:12     | Noticed a great orb of eyes
 12139 | D:12     | Killed a two-headed hydra
 12145 | D:12     | Killed a fire dragon
 12151 | D:12     | Noticed a centaur warrior
 12552 | Lair:1   | Entered Level 1 of the Lair of Beasts
 12588 | Lair:1   | Received a gift from Trog
 13333 | Lair:2   | Reached skill level 16 in Axes
 13525 | Lair:2   | Found a staircase to the Swamp.
 14543 | Lair:3   | Noticed a four-headed hydra
 14552 | Lair:3   | Killed a two-headed hydra
 14985 | Lair:3   | Reached XP level 13. HP: 117/117 MP: 12/12
 16402 | Lair:4   | Noticed Nergalle
 16412 | Lair:4   | Killed Nergalle
 16435 | Lair:4   | Found a staircase to the Snake Pit.
 17195 | Lair:5   | Received a gift from Trog
 17598 | Lair:5   | Found a viscous altar of Jiyva.
 17598 | Lair:5   | Found a staircase to the Slime Pits.
 17601 | Lair:5   | Noticed Urug
 17609 | Lair:5   | Killed Urug
 17938 | Lair:5   | Noticed Rupert
 17952 | Lair:5   | Slain by Rupert

Illustrated notes

Levels and vault maps discovered:
D:1:      saegor_arrival_simple_b, layout_rooms
D:2:      layout_rooms
D:3:      layout_basic, lemuel_coloured_pillars_altar,
          cheibrodos_sewer_entry_sluice, minmay_splitting_lines,
          minmay_goblin_outpost
D:4:      layout_cave_pods, gammafunk_temple_overflow_pools,
          minmay_temple_entry_from_below_b
D:5:      layout_loops_ring, minmay_hollow_rounded_squares
D:6:      layout_cave_pools
D:7:      layout_cave_pools, gammafunk_temple_overflow_forgotten,
          trog_hazing_becter, uniq_pikel
D:8:      layout_basic
D:9:      layout_roguey, lair_entry_dummy
D:10:     layout_basic, orc_0_dummy, uniq_maggie
D:11:     layout_basic, uniq_snorg
D:12:     minmay_the_grid_square_5x5_4x4_mashed
          [minmay_the_grid_square_5x5_empty, minmay_the_grid_square_5x5_percent,
          minmay_the_grid_square_5x5_spiral,
          minmay_the_grid_square_5x5_checkered_statues,
          minmay_the_grid_square_5x5_inner_z,
          minmay_the_grid_square_5x5_prize_gold,
          minmay_the_grid_square_5x5_prize_pseudospiral,
          minmay_the_grid_square_5x5_broken_cross,
          minmay_the_grid_square_5x5_six_small,
          minmay_the_grid_square_5x5_prize_monsterx,
          minmay_the_grid_square_5x5_prize_open,
          minmay_the_grid_square_5x5_longway,
          minmay_the_grid_square_5x5_shuriken,
          minmay_the_grid_square_5x5_checkered,
          minmay_the_grid_square_5x5_eight_small,
          minmay_the_grid_square_5x5_bridge], layout_irregular_city
Lair:1:   layout_loops_ring, serial_bayou_pond_d, minivault_26
Lair:2:   layout_cave_pods, swamp_mist_pool, kennysheep_rathole,
          grunt_megastairs_4, infiniplex_staircase_pool_2
Lair:3:   layout_regular_city, kennysheep_basilisk_garden, grunt_megastairs_3
Lair:4:   layout_small_grid, guppyfry_snake_entry_island, serial_rivers,
          chequers_serial_rivers_micro_d, chequers_serial_rivers_micro_b,
          chequers_serial_rivers_room_b, chequers_serial_rivers_small_3,
          chequers_serial_rivers_room_b, uniq_nergalle
Lair:5:   layout_loops_ring, slime_altar_1, uniq_rupert, uniq_urug

Skill      XL: |  1  2  3  4  5  6  7  8  9 10 11 12 13 |
---------------+----------------------------------------+-----
Axes           | 4 5 6 7 9 11 13 15 16 | 16.9
Fighting       | 4 5 7 8 9 10 11 12 | 12.5
Armour         | 3 4 5 6 7 9 11 12 13 14 | 14.8
Dodging        | 3 4 5 6 7 8 9 |  9.0
Stealth        | 1 |  1.1

Action                   |  1- 3 |  4- 6 |  7- 9 | 10-12 | 13-15 || total
-------------------------+-------+-------+-------+-------+-------++-------
Melee: Hand axe          |    64 |   154 |   199 |   265 |       ||   682
       Headbutt          |     9 |    19 |    62 |   105 |    33 ||   228
       War axe           |       |       |    84 |   243 |   137 ||   464
       Battleaxe         |       |       |     4 |       |       ||     4
       Executioner's axe |       |       |       |    32 |       ||    32
Invok: Berserk           |     1 |     1 |     1 |     6 |     2 ||    11
       Trog's Hand       |       |       |     1 |     1 |       ||     2
  Use: Scroll            |     5 |     2 |       |    11 |     3 ||    21
Armor: Animal skin       |     7 |       |       |       |       ||     7
       Ring mail         |     8 |     2 |       |       |       ||    10
       Scale mail        |       |    63 |    49 |       |       ||   112
       Plate armour      |       |       |    69 |   192 |    35 ||   296
       Swamp dragon scal |       |       |       |       |     6 ||     6
Dodge: Dodged            |    40 |   100 |   127 |   244 |    49 ||   560

Table legend: (Time is in decaauts)
 A = Elapsed time spent in this place.
 B = Non-inter-level travel time spent in this place.
 C = Inter-level travel time spent in this place.
 D = Time resting spent in this place.
 E = Time spent auto-exploring this place.
 F = Levels seen in this place.
 G = Mean time per level.
                   A        B        C        D        E       F      G
               +--------+--------+--------+--------+--------+-----+--------+
         Total |  17944 |  17346 |    598 |    599 |  14302 |  18 |  996.9 |
       Dungeon |  11877 |  11412 |    465 |    485 |   9166 |  12 |  989.8 |
          Lair |   5359 |   5226 |    133 |      0 |   4709 |   5 | 1071.8 |
         Sewer |    707 |    707 |      0 |    114 |    426 |   1 |  707.0 |
               +--------+--------+--------+--------+--------+-----+--------+

Top non-repeatable levels by time:
    D:10: 1717 daAuts
     D:9: 1382 daAuts
  Lair:4: 1330 daAuts
     D:5: 1312 daAuts
  Lair:3: 1297 daAuts
  Lair:2: 1229 daAuts
     D:4: 1182 daAuts
     D:1: 1111 daAuts
    D:11: 1057 daAuts
     D:7: 927 daAuts
     D:3: 887 daAuts
     D:8: 816 daAuts
  Lair:5: 802 daAuts
     D:6: 712 daAuts
   Sewer: 707 daAuts
